 Dungeon Crawl Stone Soup version 0.27.0-1-g7a089689b8 (webtiles) character file.

Game seed: 695000985504149782

144 theswoord the Twirler (level 5, -2/38 HPs)
             Began as a Demonspawn Gladiator on Aug 8, 2021.
             Slain by an orc warrior (9 damage)
             ... on level 4 of the Dungeon.
             The game lasted 00:05:13 (3408 turns).

theswoord the Twirler (Demonspawn Gladiator)        Turns: 3408, Time: 00:05:14

Health: -2/38      AC:  9    Str: 16    XL:     5   Next: 5%
Magic:  5/5        EV: 10    Int:  9    God:
Gold:   128        SH:  0    Dex: 14    Spells: 4/4 levels left

rFire    . . .     SeeInvis .   a - +0 quarterstaff (flame)
rCold    . . .     Faith    .   (shield currently unavailable)
rNeg     . . .     Spirit   .   k - +0 scale mail
rPois    .         Reflect  .   c - +0 helmet
rElec    .         Harm     .   (no cloak)
rCorr    .         Rampage  .   (no gloves)
Will     .....                  (no boots)
Stlth    ..........             (no amulet)
HPRegen  0.12/turn              (no ring)
MPRegen  0.09/turn              (no ring)

@: no status effects
A: icy blue scales 1, foul stench 1
a: no special abilities


You were on level 4 of the Dungeon.
You visited 1 branch of the dungeon, and saw 4 of its levels.

You collected 128 gold pieces.

Inventory:

Hand Weapons
 a - a +0 quarterstaff of flaming (weapon)
Missiles
 d - 3 throwing nets
 l - 5 silver boomerangs (quivered)
Armour
 b - a +0 leather armour
 c - a +0 helmet (worn)
 k - a +0 scale mail (worn)
Scrolls
 f - 2 scrolls of identify
 g - a scroll of amnesia
Potions
 e - 2 potions of curing
 h - a potion of mutation {unknown}
 i - a potion of lignification {unknown}
 j - a potion of flight {unknown}
 m - 2 potions of heal wounds {unknown}


   Skills:
 - Level 2.0 Fighting
 + Level 5.3 Staves
 - Level 1.7 Throwing
 - Level 2.6 Dodging


You had 4 spell levels left.
You didn't know any spells.
Your spell library contained the following spells:

 Spells                   Type           Power      Damage    Failure   Level
 Ice Form                 Ice/Tmut       0%         N/A       100%        4
 Summon Ice Beast         Ice/Summ       0%         N/A       100%        4
 Manifold Assault         Tloc           0%         N/A       100%        5
 Dispersal                Tloc           0%         N/A       100%        6


Dungeon Overview and Level Annotations

Branches:
Dungeon (4/15)
 Temple: D:4-7

Altars:

Shops:
D:1 (!!?(   D:3 :


Innate Abilities, Weirdness & Mutations

You are partially covered in icy blue scales. (AC +2)
You may rarely emit foul miasma when damaged in melee.


Message History

You closely miss the orc.
The orc is almost dead.
The orc hits you but does no damage.
You closely miss the orc.
The orc is almost dead.
The orc barely misses you.
You closely miss the orc.
The orc is almost dead.
The orc hits you but does no damage.
You barely miss the orc.
The orc is almost dead.
The orc closely misses you.
You hit the orc but do no damage.
The orc is almost dead.
The orc hits you with a +0 short sword.
* * * LOW HITPOINT WARNING * * *
You barely miss the orc.
The orc is almost dead.
The orc hits you with a +0 short sword.
* * * LOW HITPOINT WARNING * * *
You sock the orc! You burn the orc.
You kill the orc!
No target in view!
You start resting.
HP restored.
There is a stone staircase leading down, spattered with blood here.
Things that are here:
a +0 mace; an orc corpse You climb downwards.
The orc warrior hits you from afar with a +0 glaive!
The centaur skeleton hits you.
The centaur skeleton kicks you but does no damage.
The orc warrior hits you from afar with a +0 glaive!
* * * LOW HITPOINT WARNING * * *
The centaur skeleton barely misses you. x2
There is a stone staircase leading up, spattered with blood here.
The centaur skeleton hits you but does no damage.
The centaur skeleton kicks you but does no damage.
The orc warrior hits you from afar with a +0 glaive!
You die...

###.. #.... ### ##...
#.## ###...
###########..### ###.....
#.........#....###...#...
#...>.....#........##..#.
#......Z..o..............
#.......@)...............
#.........###............
#.........# #...........#
#.........# ##.(.........
#.........# #.......###.#
########### #.......# ..
#.......# ..
#......##..## #.........#


You could see an orc warrior and a centaur skeleton.

Vanquished Creatures
  An orc priest (D:3)
  3 gnolls
  4 dart slugs
  6 orcs (D:3)
  5 bats
  7 endoplasms
  2 giant cockroaches
  3 goblins (D:1)
  6 hobgoblins
  6 jackals
  4 quokkas
  9 ball pythons
  5 frilled lizards (D:1)
  3 kobolds
  7 rats
71 creatures vanquished.

Notes
Turn   | Place    | Note
-------+----------+-------------------------------------------
     0 | D:1      | theswoord the Demonspawn Gladiator began the quest for the
                  | Orb.
     0 | D:1      | Reached XP level 1. HP: 16/16 MP: 1/1
    94 | D:1      | Reached skill level 3 in Staves
   298 | D:1      | Found Ypatuxt's Distillery.
   301 | D:1      | Gained mutation: You are partially covered in icy blue
                  | scales. (AC +2) [demonic ancestry]
   301 | D:1      | Reached XP level 2. HP: 22/22 MP: 2/2
   307 | D:1      | Found Ygeiloth's Distillery.
   575 | D:1      | Found a faded altar of an unknown god.
   682 | D:1      | Reached XP level 3. HP: 25/27 MP: 3/3
   705 | D:1      | Found Zuumiun's Weapon Shop.
   722 | D:1      | Found Bagejish's Magic Scroll Shoppe.
   820 | D:1      | Reached skill level 4 in Staves
   947 | D:1      | Found Dauluh's Weapon Boutique.
  1192 | D:2      | Got the Almanac of the Quantum Glacier
  2154 | D:3      | Found Fietoam's Book Shop.
  2701 | D:3      | Gained mutation: You may rarely emit foul miasma when
                  | damaged in melee. [demonic ancestry]
  2701 | D:3      | Reached XP level 4. HP: 12/33 MP: 4/4
  2910 | D:3      | Reached skill level 5 in Staves
  2968 | D:4      | Reached XP level 5. HP: 30/38 MP: 5/5
  3053 | D:4      | Noticed an orc warrior
  3408 | D:4      | Slain by an orc warrior

Skill      XL: |  1  2  3  4 |
---------------+-------------+-----
Staves         | 3 4 5 |  5.3
Fighting       | |  2.0
Throwing       | |  1.7
Dodging        | |  2.6

Action                   |  1- 3 |  4- 6 || total
-------------------------+-------+-------++-------
Melee: Quarterstaff      |   148 |    32 ||   180
Throw: Boomerang         |       |     7 ||     7
  Use: Scroll            |     5 |       ||     5
 Stab: Sleeping          |     1 |       ||     1
Armor: Leather armour    |    73 |       ||    73
       Scale mail        |    17 |    24 ||    41
Dodge: Dodged            |   131 |    34 ||   165

Levels and vault maps discovered:
D:1:      lightli_arrival_isolated_outpost, layout_rooms,
          ebering_ecumenical_altar_webs, serial_shops, nicolae_shop_waterfront,
          nicolae_lakefront_shop, nicolae_shop_trees, nicolae_shop_crystal,
          nicolae_diamond_shop
D:2:      layout_basic
D:3:      layout_basic, serial_shops, nicolae_shop_trees, columned_hall_lemuel,
          dk_noncrumbling_3, st_stairs_8
D:4:      layout_rooms, uniq_ijyb, uniq_crazy_yiuf_cottage, uniq_natasha
